 Dungeon Crawl Stone Soup version 0.30-a0-509-gd016549fea (webtiles) character file.

Game seed: 13290762132927364337

326 Crownlay the Shooter (level 6, -4/49 HPs)
             Began as a Demonspawn Hunter on Dec 22, 2022.
             Slain by an iguana (11 damage)
             ... on level 5 of the Dungeon.
             The game lasted 00:08:47 (2132 turns).

Crownlay the Shooter (Demonspawn Hunter)            Turns: 2132, Time: 00:08:48

Health: -4/49      AC:  4    Str: 11    XL:     6   Next: 24%
Magic:  6/6        EV: 13    Int: 11    God:
Gold:   150        SH:  0    Dex: 18    Spells: 5/5 levels left

rFire   . . .      SeeInvis .    a - +0 shortbow
rCold   . . .      Faith    .    (shield currently unavailable)
rNeg    . . .      Spirit   .    c - +0 leather armour
rPois   .          Reflect  .    (helmet restricted)
rElec   .          Harm     .    (no cloak)
rCorr   .          Rampage  .    (no gloves)
Will    .....                    (no boots)
Stlth   ++........               (no amulet)
HPRegen 0.28/turn                (no ring)
MPRegen 0.10/turn                (no ring)

@: no status effects
A: horns 2, rugged brown scales 1, foul stench 1
a: no special abilities


You were on level 5 of the Dungeon.
You visited 1 branch of the dungeon, and saw 5 of its levels.

You collected 150 gold pieces.

Inventory:

Hand Weapons
 a - a +0 shortbow (weapon)
 e - a +0 spear
 m - a +4 dagger
Armour
 c - a +0 leather armour (worn)
Scrolls
 b - 3 scrolls of immolation
 f - a scroll of teleportation
 h - a scroll of fear {unknown}
 j - a scroll of silence {unknown}
 k - a scroll of enchant weapon {unknown}
 n - a scroll of enchant armour {unknown}
 p - a scroll of vulnerability {unknown}
 q - a scroll of identify {unknown}
Potions
 d - 2 potions of flight {unknown}
 g - a potion of heal wounds {unknown}
 i - a potion of berserk rage {unknown}
 l - 2 potions of curing {unknown}
 o - a potion of might {unknown}


   Skills:
 + Level 3.7 Fighting
 + Level 4.9 Ranged Weapons
 + Level 2.1 Armour
 + Level 3.3 Dodging
 - Level 0.8 Stealth


You had 5 spell levels left.
You didn't know any spells.
Your spell library contained the following spells:

 Spells                   Type           Power      Damage    Failure   Level
 Gell's Gravitas          Tloc           0%         N/A       80%         3
 Lesser Beckoning         Tloc           0%         N/A       80%         3
 Teleport Other           Tloc           0%         N/A       80%         3
 Petrify                  Tmut/Erth      0%         N/A       99%         4
 Metabolic Englaciation   Hex/Ice        0%         N/A       100%        5
 Statue Form              Tmut/Erth      0%         N/A       100%        6


Dungeon Overview and Level Annotations

Branches:
Dungeon (6/15)
 Temple: D:4-7

Altars:
Dithmenos
Hepliaklqana
Wu Jian


Innate Abilities, Weirdness & Mutations

You have a pair of horns on your head.
You are partially covered in rugged brown scales. (AC +1, +3% HP)
You may rarely emit foul miasma when damaged in melee.


Message History

The iguana closely misses you.
You shoot an arrow. The arrow hits the iguana.
The iguana is heavily wounded.
The iguana misses you.
You shoot an arrow. The arrow hits the iguana.
The iguana is severely wounded.
The iguana bites you. The iguana bites you!
* * * LOW HITPOINT WARNING * * *
Fire: a) +0 shortbow
Press: ? - help, Q - select action Shift-Dir - straight line, f/p - iguana
Aim: an iguana (severely wounded, 68% to hit)
You shoot an arrow. The arrow barely misses the iguana.
The iguana bites you.
* * * LOW HITPOINT WARNING * * *
Fire: a) +0 shortbow
Press: ? - help, Q - select action Shift-Dir - straight line, f/p - iguana
Aim: an iguana (severely wounded, 68% to hit)
You shoot an arrow.
The arrow hits the iguana but does no damage.
The iguana is severely wounded.
The iguana bites you.
* * * LOW HITPOINT WARNING * * *
Fire: a) +0 shortbow
Press: ? - help, Q - select action Shift-Dir - straight line, f/p - iguana
Aim: an iguana (severely wounded, 68% to hit)
You shoot an arrow. The arrow closely misses the iguana.
The iguana barely misses you. x2
Fire: a) +0 shortbow
Press: ? - help, Q - select action Shift-Dir - straight line, f/p - iguana
Aim: an iguana (severely wounded, 68% to hit)
You shoot an arrow. The arrow closely misses the iguana.
The iguana completely misses you.
Fire: a) +0 shortbow
Press: ? - help, Q - select action Shift-Dir - straight line, f/p - iguana
Aim: an iguana (severely wounded, 68% to hit)
You shoot an arrow.
The arrow hits the iguana but does no damage.
The iguana is severely wounded.
The iguana bites you!
You die...

.. ..
! ..
##
##.
..
.....
##
.#.##
...
#l#
#@#
#.#
...
.##.#
.. ..
..
...
...
...
#..
.###


You could see an iguana.

Vanquished Creatures
  A black bear (D:3)
  An ogre (D:5)
  A hound (D:2)
  A gnoll (D:1)
  5 adders
  A worm (D:2)
  5 dart slugs
  4 ball pythons
  3 endoplasms
  3 giant cockroaches
  6 goblins
  7 hobgoblins
  A jackal (D:1)
  5 kobolds
  2 quokkas
  5 bats
  3 frilled lizards
  7 rats
61 creatures vanquished.

Notes
Turn   | Place    | Note
-------+----------+-------------------------------------------
     0 | D:1      | Crownlay the Demonspawn Hunter began the quest for the Orb.
     0 | D:1      | Reached XP level 1. HP: 16/16 MP: 1/1
    84 | D:1      | Gained mutation: You may rarely emit foul miasma when
                  | damaged in melee. [demonic ancestry]
    84 | D:1      | Reached XP level 2. HP: 22/22 MP: 2/2
   260 | D:1      | Reached skill level 4 in Ranged Weapons
   358 | D:1      | Gained mutation: You are partially covered in rugged brown
                  | scales. (AC +1, +3% HP) [demonic ancestry]
   358 | D:1      | Reached XP level 3. HP: 23/28 MP: 3/3
  1021 | D:2      | Reached XP level 4. HP: 35/35 MP: 4/4
  1204 | D:2      | Reached skill level 1 in Armour
  1767 | D:3      | Noticed a black bear
  1772 | D:3      | Killed a black bear
  1773 | D:3      | Gained mutation: You have a pair of small horns on your
                  | head. [demonic ancestry]
  1773 | D:3      | Reached XP level 5. HP: 30/42 MP: 5/5
  1831 | D:3      | Found an ornate altar of the Wu Jian Council.
  1834 | D:3      | Found a hazy altar of Hepliaklqana.
  1970 | D:3      | You fall into a shaft and drop 3 floors!
  2006 | D:6      | Found a shadowy altar of Dithmenos.
  2014 | D:6      | Noticed an ice beast
  2023 | D:5      | Entered Level 5 of the Dungeon
  2023 | D:5      | Noticed an ogre
  2026 | D:5      | Noticed an ogre
  2036 | D:5      | Killed an ogre
  2037 | D:5      | Gained mutation: You have a pair of horns on your head.
                  | [demonic ancestry]
  2037 | D:5      | Reached XP level 6. HP: 21/49 MP: 6/6
  2132 | D:5      | Slain by an iguana

Illustrated notes

Levels and vault maps discovered:
D:1:      saegor_arrival_simple_e, layout_basic, nrook_uturn,
          grunt_decor_junction, chequers_hall_statues_y, minmay_3d_cube
D:2:      layout_basic, kennysheep_path_1
D:3:      cheibrodos_greedy_goblins, layout_basic, demons_altar,
          lemuel_doored_altar, nicolae_overflow_squiral
D:5:      layout_loops_cross, kennysheep_generic_room_2, uniq_grinder,
          uniq_sigmund, uniq_eustachio
D:6:      layout_rooms, nicolae_gozag_cash_rules_everything_around_me,
          mainiacjoe_overflow_alcove_4, grunt_dithmenos_smoke,
          uniq_blork_the_orc, uniq_edmund, uniq_duvessa

Skill      XL: |  1  2  3  4  5 |
---------------+----------------+-----
Dodging        | 2 3 |  3.3
Ranged Weapons | 4 |  4.9
Fighting       | 3 |  3.7
Armour         | 1 2 |  2.1
Stealth        | |  0.8

Action                   |  1- 3 |  4- 6 || total
-------------------------+-------+-------++-------
 Fire: Shortbow          |   101 |    95 ||   196
  Use: Scroll            |       |     3 ||     3
Armor: Leather armour    |     8 |    17 ||    25
Dodge: Dodged            |    26 |    36 ||    62

Table legend: (Time is in decaauts)
 A = Elapsed time spent in this place.
 B = Non-inter-level travel time spent in this place.
 C = Inter-level travel time spent in this place.
 D = Time resting spent in this place.
 E = Time spent auto-exploring this place.
 F = Levels seen in this place.
 G = Mean time per level.
                   A        B        C        D        E       F      G
               +--------+--------+--------+--------+--------+-----+--------+
         Total |   2194 |   2131 |     63 |     18 |   1720 |   5 |  438.8 |
       Dungeon |   2194 |   2131 |     63 |     18 |   1720 |   5 |  438.8 |
               +--------+--------+--------+--------+--------+-----+--------+

Top non-repeatable levels by time:
     D:1: 857 daAuts
     D:2: 854 daAuts
     D:3: 310 daAuts
     D:5: 117 daAuts
     D:6: 55 daAuts
